 Dungeon Crawl Stone Soup version 0.31-a0-949-g57150269e1 (webtiles) character file.

Game seed: 12897384336902294289

140 mattiecakes the Trooper (level 5, -6/51 HPs)
             Began as a Minotaur Fighter on Oct 22, 2023.
             Succumbed to their own poison gas
             ... on level 3 of the Dungeon.
             The game lasted 00:08:30 (2375 turns).

mattiecakes the Trooper (Minotaur Fighter)          Turns: 2375, Time: 00:08:30

Health: -6/51      AC:  6    Str: 23    XL:     5   Next: 2%
Magic:  4/4        EV:  9    Int:  5    God:
Gold:   122        SH:  4    Dex:  9    Spells: 4/4 levels left

rFire   + . .        a - +0 war axe
rCold   + . .        c - +0 buckler
rNeg    . . .        b - +0 scale mail
rPois   .            (helmet unavailable)
rElec   .            (no cloak)
rCorr   .            (no gloves)
SInv    .            (no boots)
Will    .....        (no amulet) Stlth
                     h - ring of protection from fire
HPRegen 0.28/turn    m - ring of protection from cold
MPRegen 0.09/turn

%: no passive effects
@: lethally poisoned (-6 -> -72), weak-willed, on berserk cooldown, slowed, very
slow
A: horns 3, retaliatory headbutt
a: no special abilities


You were on level 3 of the Dungeon.
You visited 1 branch of the dungeon, and saw 3 of its levels.

You collected 122 gold pieces.

Inventory:

Hand Weapons
 a - a +0 war axe (weapon)
Armour
 b - a +0 scale mail (worn)
 c - a +0 buckler (worn)
 l - a +0 helmet
Jewellery
 h - a ring of protection from fire (left hand)
 m - a ring of protection from cold (right hand)
Wands
 s - a wand of iceblast (11)
 t - a wand of flame (18)
Scrolls
 g - 3 scrolls of identify
 i - a scroll of enchant weapon
 j - 3 scrolls of poison
Potions
 d - a potion of might
 p - a potion of invisibility {unknown}
 q - a potion of cancellation {unknown}
 r - a potion of curing {unknown}


   Skills:
 + Level 6.9 Fighting
 - Level 2.4 Axes
 - Level 3.6 Armour
 - Level 3.6 Shields


You had 4 spell levels left.
You didn't know any spells.
Your spell library contained the following spells:

 Spells                   Type           Power      Damage    Failure   Level
 Ignite Poison            Fire/Tmut/Pois 0%         N/A       99%         3
 Sticky Flame             Conj/Fire      0%         2d3       100%        4
 Ignition                 Fire           0%         3d3       100%        8


Dungeon Overview and Level Annotations

Branches:
Dungeon (3/15)

Altars:
Ru

Shops:
D:1 !


Innate Abilities, Weirdness & Mutations

You have a pair of large horns on your head.
You reflexively headbutt those who attack you in melee.


Message History

Unknown command.
Unknown command.
Unknown command.
Unknown command.
Unknown command.
Unknown command.
Unknown command.
Unknown command.
Unknown command.
Unknown command.
Unknown command.
Unknown command.
Unknown command.
Unknown command.
Unknown command.
Unknown command.
Unknown command.
Unknown command.
Unknown command.
Unknown command.
You feel a strong urge to attack something.
You are engulfed in poison gas.
You are poisoned.
You feel very sick.
You are engulfed in poison gas.
You are more poisoned.
You feel very sick.
You feel your anger nearly subside.
You are engulfed in poison gas.
You are more poisoned.
You feel very sick.
You are engulfed in poison gas.
You are lethally poisoned!
You are no longer berserk.
You are exhausted.
You feel yourself slow down.
You feel extremely sick.
You feel much better.
You are engulfed in poison gas.
You are lethally poisoned!
You feel extremely sick.
You are engulfed in poison gas.
You are more poisoned.
* * * LOW HITPOINT WARNING * * *
You die...

#....# #######....#
#.........##
##########.........#
#°§..☼§☼☼......<...#
#°○§§.○.°..........#
#§§°§§§☼...#########
#§.○°§○○§..#
#.§§°☼@§§..#
#§°○☼○☼○°..#
#°§○○○°§○..#
#°§°○§§°☼..#
#°.☼○§§§§..#
#§..°☼○§§..#
#§.§°☼.○○..#
############


There were no monsters in sight!

Vanquished Creatures
  Jessica (D:2)
  Natasha (D:2)
  3 adders
  3 dart slugs (D:1)
  An orc (D:3)
  6 bats
  4 endoplasms
  2 giant cockroaches (D:1)
  6 goblins
  5 hobgoblins
  4 jackals (D:1)
  5 kobolds
  A quokka (D:3)
  5 ball pythons
  3 frilled lizards
  A rat (D:2)
51 creatures vanquished.

Notes
Turn   | Place    | Note
-------+----------+-------------------------------------------
     0 | D:1      | mattiecakes the Minotaur Fighter began the quest for the
                  | Orb.
     0 | D:1      | Reached XP level 1. HP: 19/19 MP: 0/0
    63 | D:1      | Reached skill level 4 in Fighting
    87 | D:1      | Reached XP level 2. HP: 26/27 MP: 1/1
   218 | D:1      | Reached skill level 5 in Fighting
   224 | D:1      | Reached XP level 3. HP: 36/36 MP: 2/2
   526 | D:1      | Found Moeky's Distillery.
  1131 | D:2      | Noticed Natasha
  1141 | D:2      | Killed Natasha
  1142 | D:2      | Reached skill level 6 in Fighting
  1142 | D:2      | Reached XP level 4. HP: 29/44 MP: 3/3
  1254 | D:2      | Noticed Jessica
  1260 | D:2      | Killed Jessica
  2192 | D:3      | Found a sacrificial altar of Ru.
  2198 | D:3      | Reached XP level 5. HP: 51/51 MP: 4/4
  2283 | D:3      | Found a faded altar of an unknown god.
  2367 | D:3      | Gained mutation: You have a pair of large horns on your
                  | head. [potion of mutation]
  2375 | D:3      | Succumbed to their own poison gas

Illustrated notes

Levels and vault maps discovered:
D:1:      orjb1_lava_funnel, layout_basic, serial_shops,
          nicolae_shop_real_fake_doors, hex_medium
D:2:      mumra_celtic_spiral_tile, layout_basic, grunt_ministairs_12,
          uniq_natasha, uniq_jessica
D:3:      layout_basic, nicolae_ru_awakened_eye, nicolae_overflow_hidden_temple,
          hellmonk_ecumenical_altar_heavens_door

Skill      XL: |  1  2  3 |
---------------+----------+-----
Fighting       | 4 5 6 |  6.9
Axes           | |  2.4
Armour         | |  3.6
Shields        | |  3.6

Action                     |  1- 3 |  4- 6 || total
---------------------------+-------+-------++-------
  Melee: War axe           |    64 |    21 ||    85
         Headbutt          |     9 |     5 ||    14
    Use: Scroll            |       |     4 ||     4
         Potion            |       |     4 ||     4
 Armour: Scale mail        |    53 |    11 ||    64
  Dodge: Dodged            |    27 |     9 ||    36
  Block: Buckler           |     8 |     7 ||    15

Table legend: (Time is in decaauts)
 A = Elapsed time spent in this place.
 B = Non-inter-level travel time spent in this place.
 C = Inter-level travel time spent in this place.
 D = Time resting spent in this place.
 E = Time spent auto-exploring this place.
 F = Levels seen in this place.
 G = Mean time per level.
                   A        B        C        D        E       F      G
               +--------+--------+--------+--------+--------+-----+--------+
         Total |   2409 |   2172 |    237 |    200 |   1668 |   3 |  803.0 |
       Dungeon |   2409 |   2172 |    237 |    200 |   1668 |   3 |  803.0 |
               +--------+--------+--------+--------+--------+-----+--------+

Top non-repeatable levels by time:
     D:2: 1248 daAuts
     D:1: 656 daAuts
     D:3: 504 daAuts
